 Dungeon Crawl Stone Soup version 0.31-a0-232-gb1c03b2570 (webtiles) character file.

Game seed: 11783478341654569991

36 qw the Shooter (level 3, 0/21 HPs)
             Began as a Gargoyle Hexslinger on July 6, 2023.
             Slain by an orc
             ... wielding a +0 flail
              (2 damage)
             ... on level 3 of the Dungeon.
             The game lasted 00:00:26 (771 turns).

qw the Shooter (Gargoyle Hexslinger)                 Turns: 771, Time: 00:00:27

Health: 0/21       AC:  8    Str: 11    XL:     3   Next: 37%
Magic:  4/4        EV: 10    Int: 13    God:
Gold:   74         SH:  0    Dex: 14    Spells: 3/4 levels left

rFire   . . .        Y - +1 sling
rCold   . . .        (no shield)
rNeg    + . .        e - +0 ring mail
rPois   inf          (no helmet)
rElec   +            (no cloak)
rCorr   .            (no gloves)
SInv    .            (no boots)
Will    .....        (no amulet)
Stlth   +            (no ring)
HPRegen 0.23/turn    (no ring)
MPRegen 0.09/turn

%: no passive effects
@: no status effects
A: sickness immunity, AC +3, negative energy resistance 1, electricity
resistance, torment resistance 1, petrification resistance
a: no special abilities


You were on level 3 of the Dungeon.
You visited 1 branch of the dungeon, and saw 3 of its levels.

You collected 74 gold pieces.


Innate Abilities, Weirdness & Mutations

You are immune to sickness and miasma.
Your stone body is resilient. (AC +3)
You are immune to poison.
You resist negative energy. (rN+)
You are resistant to electric shocks. (rElec)
You are resistant to unholy torment.
You are immune to petrification.


   Skills:
 - Level 2.0 Fighting
 + Level 3.3 Ranged Weapons
 - Level 1.5 Dodging
 - Level 1.0 Spellcasting
 - Level 2.6 Hexes


You had 3 spell levels left.
You knew the following spells:

 Your Spells              Type           Power      Damage    Failure   Level
a - Slow                  Hex            28%        N/A       22%         1

Your spell library contained the following spells:

 Spells                   Type           Power      Damage    Failure   Level
 Inner Flame              Hex/Fire       4%         N/A       75%         3
 Portal Projectile        Hex/Tloc       8%         N/A       75%         3
 Cause Fear               Hex            3%         N/A       92%         4

Inventory:

Hand Weapons
 Y - a +1 sling (weapon)
Armour
 e - a +0 ring mail (worn)
Scrolls
 a - a scroll of identify
Potions
 f - a potion of curing {unknown}

Dungeon Overview and Level Annotations

Branches:
Dungeon (3/15)

Altars:

Annotations:
D:3 Sigmund, Terence


Message History

You shoot a sling bullet. The sling bullet hits Sigmund.
Sigmund is moderately wounded.
An orc comes into view.
It is wielding a +0 short sword of venom.
You shoot a sling bullet.
The sling bullet closely misses Sigmund.
An orc comes into view. It is wielding a +0 flail.
A frilled lizard comes into view.
You shoot a sling bullet. The orc shouts!
The frilled lizard hisses angrily.
The sling bullet hits Sigmund!
Sigmund is heavily wounded.
Sigmund points at you and mumbles some strange words.
You are confused.
Terence the Incautious comes into view.
He is wielding a +0 mace.
An adder comes into view.
Terence shouts!
The adder hisses angrily.
The orc hits you but does no damage.
Sigmund hits you from afar with a +0 scythe.
The orc misses you.
An orc wizard comes into view. It is wielding a +0 dagger.
Sigmund hits you from afar with a +0 scythe.
Sigmund hits you from afar with a +0 scythe.
The orc hits you with a +0 short sword of venom.
You feel less confused. Sigmund hits you but does no damage.
The orc hits you with a +0 flail. The orc misses you.
The orc hits you but does no damage.
You shoot a sling bullet. The sling bullet hits the orc.
The orc is heavily wounded.
The orc barely misses you.
Sigmund mumbles some strange words.
Sigmund flickers and vanishes!
Deactivating autopickup; reactivate with Ctrl-A.
The orc hits you with a +0 short sword of venom.
The orc barely misses you.
The frilled lizard hisses.
The frilled lizard closely misses you.
You shoot a sling bullet. The sling bullet hits the orc.
The orc is severely wounded.
The orc hits you with a +0 flail.
You die...

##.....#.......
##................
#.................
#.................
#.................
#................#
#.........S.{.>.#.
#.....>.looo.....
##.....#.@o@.##
############.... .


You could see Terence, an orc wizard, an adder, 3 orcs and a frilled lizard.

Vanquished Creatures
  4 ball pythons (D:1)
  6 endoplasms
  2 giant cockroaches (D:1)
  A goblin (D:1)
  4 hobgoblins
  2 jackals (D:1)
  4 kobolds (D:1)
  2 quokkas (D:2)
  A bat (D:1)
  A frilled lizard (D:1)
  2 rats
29 creatures vanquished.

Notes
Turn   | Place    | Note
-------+----------+-------------------------------------------
     0 | D:1      | qw the Gargoyle Hexslinger began the quest for the Orb.
     0 | D:1      | Reached XP level 1. HP: 12/12 MP: 2/2
     0 | D:1      | 0 ||| qw: Version: 0.3-a-46-gb1f654a
     0 | D:1      | 0 ||| qw: Game counter: 1954
     0 | D:1      | 0 ||| qw: Melee chars always use a shield: true
     0 | D:1      | 0 ||| qw: God list: Okawaru
     0 | D:1      | 0 ||| qw: Allow faded altars: false
     0 | D:1      | 0 ||| qw: Do Orc after clearing Dungeon:15 true
     0 | D:1      | 0 ||| qw: Do second Lair branch before Depths: true
     0 | D:1      | 0 ||| qw: Lair rune preference: random
     0 | D:1      | 0 ||| qw: Goals: Normal
     0 | D:1      | 0 ||| PLANNING D:1-11
    41 | D:1      | Reached XP level 2. HP: 7/16 MP: 3/3
   133 | D:1      | Found a faded altar of an unknown god.
   156 | D:1      | Reached skill level 3 in Ranged Weapons
   203 | D:1      | 203 ||| UPGRADING to +0 ring mail.
   208 | D:1      | 208 ||| UPGRADING to +0 ring mail.
   218 | D:1      | 218 ||| DROPPING +0 robe.
   421 | D:1      | Reached XP level 3. HP: 21/21 MP: 4/4
   520 | D:1      | 520 ||| READING scroll labelled LEDAZX KIHEUL.
   521 | D:1      | 521 ||| READING scroll labelled TIULARUCZ XEME.
   526 | D:1      | 526 ||| READING scroll labelled WUQOENKO VYDWEC.
   627 | D:1      | 627 ||| READING scroll labelled JIQOLU HUOREIL.
   628 | D:1      | 628 ||| DROPPING scroll of poison.
   755 | D:2      | You fall into a shaft and drop 1 floor!
   759 | D:3      | Noticed Sigmund
   763 | D:3      | Noticed Terence
   767 | D:3      | HP: 5/21 [Sigmund/+0 scythe (5)]
   770 | D:3      | HP: 2/21 [orc/+0 short sword of venom (1)]
   771 | D:3      | Slain by an orc

Levels and vault maps discovered:
D:1:      amcnicky_arrival_choice, layout_rooms,
          ebering_ecumenical_altar_petrified, corexii_leaking_fountain,
          serial_bayou_lagoon_a, grunt_decor_cap
D:2:      layout_basic, uniq_robin
D:3:      layout_rooms, serial_glass, glass_columns_b, glass_columns_a,
          gammafunk_ghost_grave, amcnicky_mini_pool_small,
          minmay_misc_feat_secret_circle, minmay_puff, uniq_terence,
          uniq_sigmund

Skill      XL: |  1  2  3 |
---------------+----------+-----
Ranged Weapons | 3 |  3.3
Fighting       | 2 |  2.0
Dodging        | |  1.5
Spellcasting   | |  1.0
Hexes          | |  2.6

Action                     || total
---------------------------++-------
   Fire: Sling             ||    95
    Use: Scroll            ||     4
 Armour: Robe              ||     6
         Ring mail         ||     7
  Dodge: Dodged            ||    26

Table legend:
 A = Non-vault XP
 B = Vault XP
 C = Vault XP percentage of total XP
 D = Non-vault monster count
 E = Vault monster count
 F = Vault count percentage of total count
                 A         B        C        D         E       F
            +---------+---------+-------+---------+---------+-------
      Total |      52 |       0 |   0.0 |      29 |       0 |   0.0
            +---------+---------+-------+---------+---------+-------
        D:1 |      41 |       0 |   0.0 |      23 |       0 |   0.0
        D:2 |      11 |       0 |   0.0 |       6 |       0 |   0.0
            +---------+---------+-------+---------+---------+-------
